 Dungeon Crawl Stone Soup version 0.29-a0-559-g359e09b9d1 (webtiles) character file.

Game seed: 8487107166142811084

339 DocClef the Covert (level 6, -5/53 HPs)
             Began as a Gnoll Delver on June 10, 2022.
             Slain by a gnoll
             ... wielding a +0 whip
              (6 damage)
             ... on level 4 of the Dungeon.
             The game lasted 00:03:01 (3001 turns).

DocClef the Covert (Gnoll Delver)                   Turns: 3001, Time: 00:03:01

Health: -5/53      AC:  9    Str: 11    XL:     6   Next: 55%
Magic:  0/9        EV:  9    Int: 10    God:
Gold:   206        SH:  0    Dex: 15    Spells: 9/9 levels left

rFire   + + .      SeeInvis .   n - +0 short sword (elec)
rCold   x . .      Faith    .   (no shield)
rNeg    . . .      Spirit   +   m - +0 fire dragon scales
rPois   .          Reflect  .   (no helmet)
rElec   .          Harm     .   (no cloak)
rCorr   .          Rampage  .   (no gloves)
Will    .....                   s - +0 pair of boots
Stlth   +++.......              l - amulet of guardian spirit
HPRegen 0.17/turn               (no ring)
MPRegen 0.11/turn               (no ring)

@: brilliant, flying
A: fangs 1, strong nose, distributed training
a: no special abilities


You were on level 4 of the Dungeon.
You visited 1 branch of the dungeon, and saw 5 of its levels.

You collected 206 gold pieces.

Inventory:

Hand Weapons
 a - a +0 short sword
 n - a +0 short sword of electrocution (weapon)
Missiles
 o - a throwing net (quivered)
Armour
 b - a +0 leather armour
 m - +0 fire dragon scales (worn)
 s - a +0 pair of boots (worn)
Jewellery
 l - an amulet of guardian spirit (around neck)
Wands
 g - a wand of digging (3)
 j - a wand of iceblast (5)
Scrolls
 c - 2 scrolls of fog
 d - a scroll of magic mapping
 e - 2 scrolls of fear
 i - a scroll of amnesia {unknown}
 k - a scroll of teleportation {unknown}
 p - a scroll of vulnerability {unknown}
 q - a scroll of blinking {unknown}
 r - a scroll of poison {unknown}
 t - a scroll of immolation {unknown}
Potions
 f - a potion of haste
 v - a potion of mutation {unknown}


   Skills:
 + Level 6.8 Fighting
 + Level 5.0 Short Blades
 + Level 2.0 Long Blades
 + Level 2.0 Axes
 + Level 2.0 Maces & Flails
 + Level 2.0 Polearms
 + Level 2.0 Staves
 + Level 2.0 Slings
 + Level 2.0 Bows
 + Level 2.0 Crossbows
 + Level 2.0 Throwing
 + Level 2.0 Armour
 + Level 5.0 Dodging
 + Level 9.8 Stealth
 + Level 2.0 Shields
 + Level 2.0 Unarmed Combat
 + Level 2.0 Spellcasting
 + Level 1.6 Conjurations
 + Level 1.6 Hexes
 + Level 1.6 Summonings
 + Level 1.6 Necromancy
 + Level 1.6 Translocations
 + Level 1.6 Transmutations
 + Level 1.6 Fire Magic
 + Level 1.6 Ice Magic
 + Level 1.6 Air Magic
 + Level 1.6 Earth Magic
 + Level 1.6 Poison Magic
 + Level 2.2 Invocations
 + Level 2.0 Evocations


You had 9 spell levels left.
You didn't know any spells.
Your spell library was empty.

Dungeon Overview and Level Annotations

Branches:
Dungeon (5/15)
 Temple: D:4-7

Altars:
Ashenzari
Kikubaaqudgha


Innate Abilities, Weirdness & Mutations

You have very sharp teeth.
Your uncanny sense of smell can sniff out nearby items.
Your experience applies equally to all skills.


Message History

The gnoll is lightly wounded.
You feel sick. The gnoll closely misses you.
You hit the gnoll. Lightning courses through the gnoll!
You kill the gnoll!
You feel sick.
You hit the gnoll but do no damage.
You feel sick. The gnoll barely misses you.
You hit the gnoll but do no damage. Your bite misses the gnoll.
You feel sick.
You hit the gnoll.
The gnoll is moderately wounded.
You feel sick.
You hit the gnoll but do no damage.
The gnoll is moderately wounded.
You feel sick. The gnoll hits you but does no damage.
The gnoll barely misses you.
You hit the gnoll.
The gnoll is lightly wounded.
You feel sick. The gnoll hits you but does no damage.
The gnoll hits you with a +0 whip.
* * * LOW HITPOINT WARNING * * *
You closely miss the gnoll. Your bite misses the gnoll.
The gnoll is lightly wounded.
You feel sick. The gnoll hits you with a +0 whip.
* * * LOW HITPOINT WARNING * * *
The gnoll closely misses you.
Unknown command.
You hit the gnoll but do no damage.
The gnoll is lightly wounded.
You feel sick. The gnoll hits you but does no damage.
The gnoll barely misses you.
It was a potion of flight.
You feel very buoyant.
You fly up into the air.
You feel sick.
You are no longer poisoned.
The gnoll barely misses you. x2
It was a potion of brilliance.
You feel clever all of a sudden. The gnoll hits you with a +0 whip.
* * * LOW HITPOINT WARNING * * *
The gnoll hits you with a +0 whip.
You die...

........>...#
#######.....$.#
.......<......#
#######)......#
#.......#
######.## ...
##.##
#g@#######
##g#.....##
#........#
#...g.....
#.........
#.........
#.........
#........$
#..$......


You could see 2 gnolls.

Vanquished Creatures
  A water moccasin (D:5)
  A scorpion (D:5)
  Terence (D:2)
  3 gnolls
  5 adders
  2 ufetubi (D:5)
  3 dart slugs
  An orc (D:5)
  7 endoplasms
  8 hobgoblins
  8 jackals
  7 kobolds
  A quokka (D:2)
  3 ball pythons
  3 bats
  3 frilled lizards
  7 goblins
  6 rats
  A spectral kobold (D:2)
71 creatures vanquished.

Notes
Turn   | Place    | Note
-------+----------+-------------------------------------------
     0 | D:5      | Reached skill level 9 in Stealth
     0 | D:5      | DocClef the Gnoll Delver began the quest for the Orb.
     0 | D:5      | Reached XP level 1. HP: 23/23 MP: 1/1
    81 | D:5      | Reached XP level 2. HP: 29/29 MP: 2/2
    98 | D:5      | Noticed a scorpion
   101 | D:5      | Noticed a water moccasin
   105 | D:5      | Killed a scorpion
   106 | D:5      | Reached skill level 1 in Long Blades
   106 | D:5      | Reached skill level 1 in Axes
   106 | D:5      | Reached skill level 1 in Maces & Flails
   106 | D:5      | Reached skill level 1 in Polearms
   106 | D:5      | Reached skill level 1 in Staves
   106 | D:5      | Reached skill level 1 in Slings
   106 | D:5      | Reached skill level 1 in Bows
   106 | D:5      | Reached skill level 1 in Crossbows
   106 | D:5      | Reached skill level 1 in Throwing
   106 | D:5      | Reached skill level 1 in Armour
   106 | D:5      | Reached skill level 1 in Shields
   106 | D:5      | Reached skill level 1 in Unarmed Combat
   106 | D:5      | Reached skill level 1 in Spellcasting
   106 | D:5      | Reached skill level 1 in Invocations
   106 | D:5      | Reached skill level 1 in Evocations
   106 | D:5      | Reached XP level 3. HP: 35/35 MP: 2/4
   106 | D:5      | Reached XP level 4. HP: 41/41 MP: 2/5
   109 | D:5      | Killed a water moccasin
   110 | D:5      | Reached skill level 1 in Conjurations
   110 | D:5      | Reached skill level 1 in Hexes
   110 | D:5      | Reached skill level 1 in Summonings
   110 | D:5      | Reached skill level 1 in Necromancy
   110 | D:5      | Reached skill level 1 in Translocations
   110 | D:5      | Reached skill level 1 in Transmutations
   110 | D:5      | Reached skill level 1 in Fire Magic
   110 | D:5      | Reached skill level 1 in Ice Magic
   110 | D:5      | Reached skill level 1 in Air Magic
   110 | D:5      | Reached skill level 1 in Earth Magic
   110 | D:5      | Reached skill level 1 in Poison Magic
   110 | D:5      | Reached XP level 5. HP: 47/47 MP: 2/7
   307 | D:5      | Noticed a black bear
   514 | D:3      | Found a broken altar of Ashenzari.
   861 | D:3      | Found an ancient bone altar of Kikubaaqudgha.
   999 | D:2      | Noticed Terence
  1030 | D:2      | Killed Terence
  1034 | D:2      | Reached XP level 6. HP: 14/53 MP: 3/8
  1545 | D:2      | Found a faded altar of an unknown god.
  2271 | D:1      | Reached skill level 5 in Short Blades
  2271 | D:1      | Reached skill level 5 in Dodging
  2365 | D:1      | You fall into a shaft and drop 1 floor!
  3000 | D:4      | HP: 2/53 [poisoned by a gnoll]
  3001 | D:4      | Slain by a gnoll

Illustrated notes

Levels and vault maps discovered:
D:1:      wander_arrival_chamber, layout_basic
D:2:      layout_basic, dreamdust_ecumenical_altar_drowned_temple,
          nrook_mini_backslash, dk_noncrumbling_3,
          chequers_serial_rivers_micro_d, small_statue_intersection,
          uniq_terence
D:3:      layout_loops_cross, mainiacjoe_overflow_catwalk,
          general_overflow_altar
D:4:      kennysheep_big_flooded_room, layout_rooms,
          chequers_serial_rivers_large_b, minmay_misc_feat_cross,
          hangedman_decor_points, lightli_corner_chamber, uniq_menkaure
D:5:      layout_basic, nzn_wu_jian_council_hall, amethyst_killhole

Skill      XL: |  1  2  3  4  5  6 |
---------------+-------------------+-----
Stealth        | |  9.8
Long Blades    | 1 2 |  2.0
Axes           | 1 2 |  2.0
Maces & Flails | 1 2 |  2.0
Polearms       | 1 2 |  2.0
Staves         | 1 2 |  2.0
Slings         | 1 2 |  2.0
Bows           | 1 2 |  2.0
Crossbows      | 1 2 |  2.0
Throwing       | 1 2 |  2.0
Armour         | 1 2 |  2.0
Shields        | 1 2 |  2.0
Unarmed Combat | 1 2 |  2.0
Spellcasting   | 1 2 |  2.0
Invocations    | 1 2 |  2.2
Evocations     | 1 2 |  2.0
Conjurations   | 1 |  1.6
Hexes          | 1 |  1.6
Summonings     | 1 |  1.6
Necromancy     | 1 |  1.6
Translocations | 1 |  1.6
Transmutations | 1 |  1.6
Fire Magic     | 1 |  1.6
Ice Magic      | 1 |  1.6
Air Magic      | 1 |  1.6
Earth Magic    | 1 |  1.6
Poison Magic   | 1 |  1.6
Short Blades   | 5 |  5.0
Dodging        | 5 |  5.0
Fighting       | |  6.8

Action                   |  1- 3 |  4- 6 || total
-------------------------+-------+-------++-------
Melee: Short sword       |     3 |   209 ||   212
       Bite              |       |    20 ||    20
       Punch             |       |     1 ||     1
  Use: Potion            |       |     2 ||     2
 Stab: Sleeping          |     3 |    20 ||    23
Armor: Fire dragon scale |       |    84 ||    84
       Leather armour    |       |     2 ||     2
Dodge: Dodged            |       |   100 ||   100

Table legend: (Time is in decaauts)
 A = Elapsed time spent in this place.
 B = Non-inter-level travel time spent in this place.
 C = Inter-level travel time spent in this place.
 D = Time resting spent in this place.
 E = Time spent auto-exploring this place.
 F = Levels seen in this place.
 G = Mean time per level.
                   A        B        C        D        E       F      G
               +--------+--------+--------+--------+--------+-----+--------+
         Total |   2978 |   2837 |    141 |     43 |   2260 |   5 |  595.6 |
       Dungeon |   2978 |   2837 |    141 |     43 |   2260 |   5 |  595.6 |
               +--------+--------+--------+--------+--------+-----+--------+

Top non-repeatable levels by time:
     D:2: 1175 daAuts
     D:1: 758 daAuts
     D:3: 670 daAuts
     D:5: 322 daAuts
     D:4: 51 daAuts
